 Dungeon Crawl Stone Soup version 0.24.0-37-gcf1ca852f1 (webtiles) character file.

Game seed: 936367250716263473, levelgen mode: deterministic

12392 KeeTraxx the Thaumaturge (level 11, -3/87 HPs)
             Began as a Gnoll Skald on Nov 26, 2019.
             Was an Elder of Okawaru.
             Slain by a spiny frog (19 damage)
             ... on level 2 of the Lair of Beasts.
             The game lasted 00:29:56 (8943 turns).

KeeTraxx the Thaumaturge (Gnoll Skald)              Turns: 8943, Time: 00:29:57

Health: -3/87      AC:  7    Str: 15    XL:     11   Next: 92%
Magic:  23/32      EV: 17    Int: 18    God:    Okawaru [****..]
Gold:   631        SH:  0    Dex: 14    Spells: 15/27 levels left

rFire    . . .     SeeInvis .   i - +2 whip (elec)
rCold    . . .     Gourm    .   (no shield)
rNeg     . . .     Faith    .   b - +0 leather armour
rPois    .         Spirit   .   (no helmet)
rElec    .         Reflect  .   (no cloak)
rCorr    .         Harm     .   (no gloves)
MR       .....                  n - +2 pair of boots
Stlth    +++.......             y - amulet of the acrobat
HPRegen  1.24/turn              (no ring)
MPRegen  0.23/turn              j - ring of magical power

@: lethally poisoned (-3 -> -5), confusing touch, infused, regenerating
(expiring)
A: distributed training, fangs 1, strong nose
a: Heroism, Renounce Religion


You were on level 2 of the Lair of Beasts.
You worshipped Okawaru.
Okawaru was greatly pleased with you.
You were not hungry.

You visited 3 branches of the dungeon, and saw 13 of its levels.

You collected 722 gold pieces.
You spent 91 gold pieces at shops.

Inventory:

Hand Weapons
 a - a +0 spear
 e - a +0 hunting sling
 i - a +2 whip of electrocution (weapon)
 x - the +9 mace "Tormentor" {drain, rF- rN+ Int+2 Dex+2}
   (You found it on level 2 of the Lair of Beasts)

   A truly terrible weapon, it drains the life of those it strikes.
   It affects your intelligence (+2).
   It affects your dexterity (+2).
   It makes you vulnerable to fire.
   It protects you from negative energy.
 A - a +1 shortbow of flaming
 G - a +0 trident
Missiles
 f - 172 stones
 h - 2 javelins
 k - 8 boomerangs (quivered)
 C - 4 throwing nets
Armour
 b - a +0 leather armour (worn)
 n - a +2 pair of boots (worn)
Jewellery
 j - a ring of magical power (right hand)
 p - an uncursed ring of protection from fire {unknown}
 y - an amulet of the acrobat (around neck)
Wands
 u - a wand of enslavement (7)
 I - a wand of acid (7)
Scrolls
 c - 4 scrolls of amnesia
 g - a scroll of summoning {unknown}
 l - 3 scrolls of identify
 m - 8 scrolls of teleportation
 o - a scroll of magic mapping
 t - 2 scrolls of fog
 J - a scroll of blinking
Potions
 q - a potion of magic {unknown}
 r - a potion of resistance
 s - 2 potions of haste
 v - 2 potions of mutation {unknown}
 w - 2 potions of brilliance {unknown}
 z - 2 potions of heal wounds
 B - a potion of flight {unknown}
 E - 2 potions of agility
 F - 5 potions of curing
 H - a potion of ambrosia {unknown}
 K - a potion of cancellation {unknown}
 O - 3 potions of lignification {unknown}
Comestibles
 d - 22 rations
 D - 11 chunks of flesh


   Skills:
 + Level 8.3 Fighting
 + Level 6.8 Short Blades
 + Level 6.8 Long Blades
 + Level 6.8 Axes
 + Level 6.8 Maces & Flails
 + Level 8.3 Polearms
 + Level 6.8 Staves
 + Level 6.8 Slings
 + Level 6.8 Bows
 + Level 6.8 Crossbows
 + Level 6.8 Throwing
 + Level 7.4 Armour
 + Level 8.3 Dodging
 + Level 6.8 Stealth
 + Level 6.8 Shields
 + Level 6.8 Unarmed Combat
 + Level 8.6 Spellcasting
 + Level 5.7 Conjurations
 + Level 5.7 Hexes
 + Level 8.0 Charms
 + Level 5.7 Summonings
 + Level 5.7 Necromancy
 + Level 5.7 Translocations
 + Level 5.7 Transmutations
 + Level 5.7 Fire Magic
 + Level 5.7 Ice Magic
 + Level 5.7 Air Magic
 + Level 5.7 Earth Magic
 + Level 5.7 Poison Magic
 + Level 7.5 Invocations
 + Level 6.8 Evocations


You had 15 spell levels left.
You knew the following spells:

 Your Spells              Type           Power        Failure   Level  Hunger
a - Infusion              Chrm           ####         1%          1    None
b - Regeneration          Chrm/Necr      ####......   1%          3    None
c - Spectral Weapon       Hex/Chrm       ####....     1%          3    None
d - Confusing Touch       Hex            ####..       1%          1    None
e - Airstrike             Air            ####......   11%         4    ###....

Your spell library contained the following spells:

 Spells                   Type           Power        Failure   Level  Hunger
 Shock                    Conj/Air       ####         1%          1    None
 Shroud of Golubria       Chrm/Tloc      ####..       1%          2    None
 Song of Slaying          Chrm           #####...     1%          2    None
 Swiftness                Chrm/Air       ####....     1%          2    None
 Confuse                  Hex            ####....     3%          3    None
 Gell's Gravitas          Tloc           ####......   3%          3    None
 Static Discharge         Conj/Air       ####....     3%          3    None
 Petrify                  Tmut/Erth      ####....     11%         4    ###....
 Lightning Bolt           Conj/Air       ####......   28%         5    #####..
 Metabolic Englaciation   Hex/Ice        ####......   28%         5    #####..
 Yara's Violent Unravell  Hex/Tmut       ####......   28%         5    #####..


Dungeon Overview and Level Annotations

Branches:
Dungeon (10/15)            Temple (1/1) D:6            Lair (2/6) D:9
  Swamp: Lair:2-4    Shoals: Lair:2-4     Snake: Lair:2-4    Spider: Lair:2-4
    Orc: D:9-12

Altars:
Ashenzari
Cheibriados
Dithmenos
Elyvilon
Fedhas
Gozag
Hepliaklqana
Kikubaaqudgha
Makhleb
Nemelex Xobeh
Okawaru
Qazlal
Ru
Sif Muna
Trog
Uskayaw
Vehumet
Wu Jian
Xom
Yredelemnul
Zin
The Shining One

Shops:
D:6 *

Annotations:
D:2 Sigmund
D:10 exclusion: orc sorcerer, Fannar, Maurice


Innate Abilities, Weirdness & Mutations

Your experience applies equally to all skills.
You have very sharp teeth.
Your uncanny sense of smell can sniff out nearby items.


Message History

Your spectral weapon closely misses the porcupine.
The porcupine bites you. The spiny frog stings you.
Unknown command.
You closely miss the porcupine.
The porcupine is almost dead.
Your spectral weapon hits the porcupine.
You kill the porcupine!
Okawaru accepts your kill. The spiny frog stings you!
* * * LOW HITPOINT WARNING * * *
Casting: Spectral Weapon (safe; 1% risk of failure)
Confirm with . or Enter, or press ? or * to list all spells.
You extend your infusion's duration.
The spiny frog closely misses you.
Casting: Infusion (safe; 1% risk of failure)
Confirm with . or Enter, or press ? or * to list all spells.
Your hands begin to glow red.
The spiny frog stings you!
* * * LOW HITPOINT WARNING * * *
You are poisoned.
The spiny frog poisons you! The spiny frog stings you!!
You die...

#..........# .....
#.........# .......
#..P#....# .........
#........###......... ....
##P..†............... ....
##...#....#.P....... ....
##...###............ #..
#PP..##.(F.........#
#.###...#.#.@..........#
#.....###...F........# P.#
#.....#..........)...#.P$###
#.#...##....|....#.........#.
# ##..#♣♣♣♣#....<.##.#...#..
##.♣ ♣.....##...#.... . #.>♣
♣♣P....#......#... #..♣
♣................. #..♣
♣..........<#


You could see 2 spiny frogs and a friendly spectral +2 whip of electrocution.

Vanquished Creatures
  4 black mambas
  2 spiny frogs
  A centaur skeleton (D:10)
  3 komodo dragons
  3 wyverns
  A wraith (D:10)
  A hungry ghost (D:5)
  6 water moccasins
  5 porcupines
  2 orc warriors
  2 sky beasts
  2 black bears
  4 ice beasts
  6 ogres
  A phantom (D:7)
  4 wolves (Lair:2)
  2 centaurs
  4 crocodiles
  11 bullfrogs
  5 scorpions
  2 howler monkeys (D:9)
  2 electric eels (D:10)
  6 crimson imps
  2 centaur zombies
  A bullfrog zombie (D:9)
  4 jellies
  2 bullfrog skeletons
  3 hounds
  3 orc priests
  An iguana (D:4)
  4 orc wizards
  9 worker ants
  A statue (D:9)
  2 hound zombies
  A worker ant zombie (D:5)
  9 adders
  12 gnolls
  2 oozes
  An adder zombie (D:5)
  An adder skeleton (D:6)
  5 worms
  2 dart slugs (D:4)
  4 leopard geckos
  15 orcs
  6 bats
  7 giant cockroaches
  9 goblins
  10 hobgoblins
  5 jackals
  7 kobolds
  5 quokkas
  2 ball pythons (D:1)
  4 frilled lizards
  A jackal zombie (D:9)
  A quokka zombie (D:9)
  7 rats
227 creatures vanquished.

Vanquished Creatures (others)
  A wolf (Lair:2)
  5 fungi
  3 plants
  5 spectral weapons
14 creatures vanquished.

Grand Total: 241 creatures vanquished

Notes
Turn   | Place    | Note
-------+----------+-------------------------------------------
     0 | D:1      | KeeTraxx the Gnoll Skald began the quest for the Orb.
     0 | D:1      | Reached XP level 1. HP: 20/20 MP: 6/6
    93 | D:1      | Reached XP level 2. HP: 23/26 MP: 3/7
   366 | D:1      | Reached XP level 3. HP: 29/31 MP: 9/9
   386 | D:1      | Learned a level 3 spell: Regeneration
   390 | D:1      | Learned a level 3 spell: Spectral Weapon
   414 | D:1      | Reached skill level 5 in Spellcasting
   695 | D:2      | Reached skill level 1 in Invocations
   927 | D:2      | Noticed Sigmund
  1241 | D:2      | Found a hazy altar of Hepliaklqana.
  1646 | D:3      | Reached skill level 1 in Short Blades
  1646 | D:3      | Reached skill level 1 in Long Blades
  1646 | D:3      | Reached skill level 1 in Axes
  1646 | D:3      | Reached skill level 1 in Maces & Flails
  1646 | D:3      | Reached skill level 1 in Staves
  1646 | D:3      | Reached skill level 1 in Slings
  1646 | D:3      | Reached skill level 1 in Bows
  1646 | D:3      | Reached skill level 1 in Crossbows
  1646 | D:3      | Reached skill level 1 in Throwing
  1646 | D:3      | Reached skill level 1 in Stealth
  1646 | D:3      | Reached skill level 1 in Shields
  1646 | D:3      | Reached skill level 1 in Unarmed Combat
  1646 | D:3      | Reached skill level 1 in Evocations
  1721 | D:3      | Reached XP level 4. HP: 38/38 MP: 7/11
  1730 | D:3      | Reached skill level 1 in Conjurations
  1730 | D:3      | Reached skill level 1 in Hexes
  1730 | D:3      | Reached skill level 1 in Summonings
  1730 | D:3      | Reached skill level 1 in Necromancy
  1730 | D:3      | Reached skill level 1 in Translocations
  1730 | D:3      | Reached skill level 1 in Transmutations
  1730 | D:3      | Reached skill level 1 in Fire Magic
  1730 | D:3      | Reached skill level 1 in Ice Magic
  1730 | D:3      | Reached skill level 1 in Air Magic
  1730 | D:3      | Reached skill level 1 in Earth Magic
  1730 | D:3      | Reached skill level 1 in Poison Magic
  1850 | D:3      | Reached XP level 5. HP: 37/43 MP: 1/12
  2098 | D:3      | Reached XP level 6. HP: 40/50 MP: 7/13
  2306 | D:4      | Found a snail-covered altar of Cheibriados.
  2471 | D:4      | Found a glowing silver altar of Zin.
  2527 | D:4      | Reached skill level 5 in Fighting
  2527 | D:4      | Reached skill level 5 in Polearms
  2527 | D:4      | Reached skill level 5 in Dodging
  2593 | D:4      | Reached XP level 7. HP: 33/56 MP: 7/15
  2970 | D:4      | Found a blossoming altar of Fedhas.
  3070 | D:5      | Entered Level 5 of the Dungeon
  3156 | D:5      | Reached XP level 8. HP: 63/63 MP: 12/16
  3160 | D:5      | You fall into a shaft and drop 3 floors!
  3238 | D:8      | Found a white marble altar of Elyvilon.
  3736 | D:6      | Found an opulent altar of Gozag.
  3737 | D:6      | Found Eryexzum's Assorted Antiques.
  3741 | D:6      | Bought a scroll labeled WAROEZ OMITRAF for 33 gold pieces
  3741 | D:6      | Bought a lumpy orange potion for 29 gold pieces
  3741 | D:6      | Bought a fizzy brown potion for 29 gold pieces
  4006 | D:6      | Reached XP level 9. HP: 63/69 MP: 18/18
  4232 | D:6      | Found an ancient bone altar of Kikubaaqudgha.
  4256 | D:6      | Found a shadowy altar of Dithmenos.
  4420 | D:6      | Found a staircase to the Ecumenical Temple.
  4430 | Temple   | Entered the Ecumenical Temple
  4609 | Temple   | Became a worshipper of Warmaster Okawaru
  4962 | D:5      | Found an ornate altar of the Wu Jian Council.
  5223 | D:5      | Found a shimmering blue altar of Sif Muna.
  5424 | D:7      | Reached skill level 5 in Armour
  5476 | D:7      | Reached * piety under Okawaru
  5893 | D:8      | Reached skill level 5 in Invocations
  6196 | D:8      | Reached skill level 5 in Short Blades
  6196 | D:8      | Reached skill level 5 in Long Blades
  6196 | D:8      | Reached skill level 5 in Axes
  6196 | D:8      | Reached skill level 5 in Maces & Flails
  6196 | D:8      | Reached skill level 5 in Staves
  6196 | D:8      | Reached skill level 5 in Slings
  6196 | D:8      | Reached skill level 5 in Bows
  6196 | D:8      | Reached skill level 5 in Crossbows
  6196 | D:8      | Reached skill level 5 in Throwing
  6196 | D:8      | Reached skill level 5 in Stealth
  6196 | D:8      | Reached skill level 5 in Shields
  6196 | D:8      | Reached skill level 5 in Unarmed Combat
  6196 | D:8      | Reached skill level 5 in Evocations
  6196 | D:8      | Reached XP level 10. HP: 79/79 MP: 19/21
  6219 | D:9      | Found a sparkling altar of Nemelex Xobeh.
  6237 | D:9      | Reached skill level 5 in Conjurations
  6237 | D:9      | Reached skill level 5 in Hexes
  6237 | D:9      | Reached skill level 5 in Summonings
  6237 | D:9      | Reached skill level 5 in Necromancy
  6237 | D:9      | Reached skill level 5 in Translocations
  6237 | D:9      | Reached skill level 5 in Transmutations
  6237 | D:9      | Reached skill level 5 in Fire Magic
  6237 | D:9      | Reached skill level 5 in Ice Magic
  6237 | D:9      | Reached skill level 5 in Air Magic
  6237 | D:9      | Reached skill level 5 in Earth Magic
  6237 | D:9      | Reached skill level 5 in Poison Magic
  6254 | D:9      | Reached ** piety under Okawaru
  6254 | D:9      | Reached XP level 11. HP: 81/85 MP: 13/22
  6419 | D:9      | Learned a level 1 spell: Confusing Touch
  6614 | D:9      | Found a shadowy altar of Dithmenos.
  6667 | D:9      | Found a glowing golden altar of the Shining One.
  6714 | D:9      | Found a staircase to the Lair.
  6729 | D:9      | Learned a level 4 spell: Airstrike
  6815 | D:9      | Found a radiant altar of Vehumet.
  6860 | D:10     | Entered Level 10 of the Dungeon
  7186 | D:10     | Noticed an orc sorcerer
  7326 | D:10     | Noticed Fannar
  7457 | D:10     | Noticed Maurice
  7508 | Lair:1   | Entered Level 1 of the Lair of Beasts
  7701 | Lair:1   | Reached *** piety under Okawaru
  8499 | Lair:2   | Got a smoking mace
  8503 | Lair:2   | Identified the +9 mace "Tormentor" {drain, rF- rN+ Int+2
                  | Dex+2} (You found it on level 2 of the Lair of Beasts)
  8586 | Lair:2   | Reached **** piety under Okawaru
  8943 | Lair:2   | Slain by a spiny frog

Levels and vault maps discovered:
D:1:      scummos_arrival_hexagon, layout_loops_ring, minmay_hexomino_p4
D:2:      layout_basic, lemuel_crystal_altar, dk_noncrumbling_2, uniq_sigmund
D:3:      layout_basic, first_ration
D:4:      layout_rooms, lemuel_crystal_altar, fedhas_altar_4,
          nicolae_overflow_crystal_walls
D:5:      layout_rooms, kennysheep_mini_moat, tgw_sif, serial_rivers,
          chequers_serial_rivers_marsh, chequers_serial_rivers_large_a,
          chequers_serial_rivers_small_3, chequers_serial_rivers_micro_c,
          chequers_serial_rivers_small_a
D:6:      layout_loops_corners, marbit_many_paths, lemuel_round_altar,
          nicolae_gozag_seed_capital, minmay_temple_entry_antechambers,
          serial_shops, shop
D:7:      layout_gridville, grunt_ogre_cave
D:8:      layout_loops_ring, elyvilon_altar_1
D:9:      layout_gridville, lemuel_crystal_altar, kennysheep_mini,
          vehumet_statue, grunt_lair_entry_orc_guard_hut,
          grunt_dithmenos_smoke_and_mirrors
D:10:     minmay_the_grid_4x2 [minmay_the_grid_diamond_grid,
          minmay_the_grid_fan, minmay_the_grid_small_cups,
          minmay_the_grid_tiny_cups, minmay_the_grid_square_x,
          minmay_the_grid_empty, minmay_the_grid_tri_star,
          minmay_the_grid_prize_big_room], layout_basic, serial_bayou_lagoon_a,
          uniq_maurice, uniq_fannar
Temple:   compressed_dpeg_triangle_lava_temple
Lair:1:   layout_loops_ring, st_stairs_3, grunt_forest_stairs_basic
Lair:2:   layout_misc_corridors, nicolae_swamp_entry_splash_gauntlet,
          nicolae_quartered_pool_medium, serial_bayou_shore_b

Skill      XL: |  1  2  3  4  5  6  7  8  9 10 11 |
---------------+----------------------------------+-----
Spellcasting   | 5 6 7 8 |  8.6
Invocations    | 1 2 3 4 6 7 |  7.5
Short Blades   | 1 2 3 5 6 |  6.8
Long Blades    | 1 2 3 5 6 |  6.8
Axes           | 1 2 3 5 6 |  6.8
Maces & Flails | 1 2 3 5 6 |  6.8
Staves         | 1 2 3 5 6 |  6.8
Slings         | 1 2 3 5 6 |  6.8
Bows           | 1 2 3 5 6 |  6.8
Crossbows      | 1 2 3 5 6 |  6.8
Throwing       | 1 2 3 5 6 |  6.8
Stealth        | 1 2 3 5 6 |  6.8
Shields        | 1 2 3 5 6 |  6.8
Unarmed Combat | 1 2 3 5 6 |  6.8
Evocations     | 1 2 3 5 6 |  6.8
Conjurations   | 1 2 3 4 5 |  5.7
Hexes          | 1 2 3 4 5 |  5.7
Summonings     | 1 2 3 4 5 |  5.7
Necromancy     | 1 2 3 4 5 |  5.7
Translocations | 1 2 3 4 5 |  5.7
Transmutations | 1 2 3 4 5 |  5.7
Fire Magic     | 1 2 3 4 5 |  5.7
Ice Magic      | 1 2 3 4 5 |  5.7
Air Magic      | 1 2 3 4 5 |  5.7
Earth Magic    | 1 2 3 4 5 |  5.7
Poison Magic   | 1 2 3 4 5 |  5.7
Armour         | 3 4 6 7 |  7.4
Fighting       | 5 7 8 |  8.3
Polearms       | 5 7 8 |  8.3
Dodging        | 5 7 8 |  8.3
Charms         | 6 7 8 |  8.0

Action                   |  1- 3 |  4- 6 |  7- 9 | 10-12 || total
-------------------------+-------+-------+-------+-------++-------
Melee: Spear             |    22 |       |       |       ||    22
       Whip              |    93 |    76 |   203 |   216 ||   588
       Bite              |     8 |     7 |    18 |    20 ||    53
       Punch             |       |     1 |     3 |    10 ||    14
Throw: Boomerang         |     1 |    24 |    52 |    27 ||   104
 Cast: Infusion          |     1 |       |     1 |     7 ||     9
       Spectral Weapon   |     3 |    13 |    36 |    42 ||    94
       Regeneration      |       |     5 |    14 |    31 ||    50
       Confusing Touch   |       |       |       |     6 ||     6
Evoke: Wand              |       |       |       |     1 ||     1
  Use: Scroll            |     1 |       |    17 |     2 ||    20
       Potion            |     1 |       |     1 |     3 ||     5
 Stab: Sleeping          |     2 |     1 |     3 |     2 ||     8
       Distracted        |       |     1 |     2 |     1 ||     4
       Confused          |       |       |       |     1 ||     1
  Eat: Chunk             |     3 |     4 |    14 |     8 ||    29
       Ration            |       |       |       |     1 ||     1
Armor: Leather armour    |    28 |    17 |    33 |    41 ||   119
Dodge: Dodged            |    69 |    49 |   110 |   185 ||   413
